 Dungeon Crawl Stone Soup version 0.30.1-4-g462c640d31 (webtiles) character file.

Game seed: 2730210598882371534

15 Babbit the Shield-Bearer (level 2, -11/27 HPs)
             Began as a Minotaur Fighter on Aug 21, 2023.
             Mangled by Sigmund
             ... wielding a +0 heavy scythe
              (23 damage)
             ... on level 2 of the Dungeon.
             The game lasted 00:01:59 (756 turns).

Babbit the Shield-Bearer (Minotaur Fighter)          Turns: 756, Time: 00:02:00

Health: -11/27     AC: 10    Str: 20    XL:     2   Next: 34%
Magic:  1/1        EV:  9    Int:  5    God:
Gold:   28         SH:  4    Dex:  9    Spells: 1/1 levels left

rFire   . . .        a - +0 war axe
rCold   . . .        c - +0 buckler
rNeg    . . .        b - +0 scale mail
rPois   .            (helmet restricted)
rElec   .            (no cloak)
rCorr   .            g - +2 pair of gloves
SInv    .            (no boots)
Will    .....        (no amulet) Stlth
                     (no ring)
HPRegen 0.24/turn    (no ring)
MPRegen 0.07/turn

%: no passive effects
@: no status effects
A: horns 2, retaliatory headbutt
a: no special abilities


You were on level 2 of the Dungeon.
You visited 1 branch of the dungeon, and saw 2 of its levels.

You collected 28 gold pieces.

Inventory:

Hand Weapons
 a - a +0 war axe (weapon)
Armour
 b - a +0 scale mail (worn)
 c - a +0 buckler (worn)
 g - a +2 pair of gloves (worn)
Scrolls
 e - 2 scrolls of identify {unknown}
 f - a scroll of enchant weapon {unknown}
 h - a scroll of immolation {unknown}
Potions
 d - a potion of might


   Skills:
 + Level 3.8 Fighting
 + Level 2.6 Axes
 + Level 4.0 Armour
 + Level 4.0 Shields


You had one spell level left.
You didn't know any spells.
Your spell library was empty.

Dungeon Overview and Level Annotations

Branches:
Dungeon (2/15)

Altars:

Shops:
D:1 *

Annotations:
D:2 Sigmund


Innate Abilities, Weirdness & Mutations

You have a pair of horns on your head.
You reflexively headbutt those who attack you in melee.


Message History

You see here a +0 leather armour.
You see here a +0 club.
There is a stone staircase leading down here.
Done exploring.
Done exploring.
There is a stone staircase leading down here.
You climb downwards.
Sigmund shouts!
The goblin shouts!
The frilled lizard hisses angrily.
Found 8 stones, a brass ring and 13 gold pieces.
There is a stone staircase leading up here.
You barely miss the frilled lizard. The frilled lizard barely misses you.
You slash the frilled lizard!
You kill the frilled lizard!
An endoplasm comes into view.
You hit the goblin but do no damage. You headbutt the goblin.
You kill the goblin!
Sigmund casts a spell.
Sigmund flickers and vanishes!
Deactivating autopickup; reactivate with Ctrl-A.
Your Shields skill increases to level 4!
Something hits you but does no damage.
You barely miss something. Your headbutt misses something.
You hit the endoplasm but do no damage.
The endoplasm hits you but does no damage.
You hit something. Your headbutt misses something.
You hit the endoplasm but do no damage. The endoplasm freezes you.
You are frozen.
You block the endoplasm's attack.
You miss something. You hit the endoplasm. Something hits you!
Ouch! That really hurt!
The endoplasm closely misses you. You furiously retaliate!
You headbutt the endoplasm.
You kill the endoplasm!
Your Armour skill increases to level 4!
You barely miss something.
You hear some strange, mumbled words.
Something tries to affect you, but you resist.
You slash something! Something hits you!!
Ouch! That really hurt!
You die...

.........#.#
..........#
.....$...#
#........#
#........#
#......#
##.....##
#..@)...#
#....=..#
#..<(...#
##.....##
##...##
#####


There were no monsters in sight!

Vanquished Creatures
  A ball python (D:1)
  An endoplasm (D:2)
  2 giant cockroaches (D:1)
  3 goblins
  A hobgoblin (D:1)
  A kobold (D:1)
  2 bats (D:1)
  A frilled lizard (D:2)
  A rat (D:1)
13 creatures vanquished.

Notes
Turn   | Place    | Note
-------+----------+-------------------------------------------
     0 | D:1      | Babbit the Minotaur Fighter began the quest for the Orb.
     0 | D:1      | Reached XP level 1. HP: 19/19 MP: 0/0
    55 | D:1      | Found Syedghoe's General Store.
   566 | D:1      | Reached XP level 2. HP: 27/27 MP: 1/1
   746 | D:2      | Noticed Sigmund
   756 | D:2      | Mangled by Sigmund

Illustrated notes

Levels and vault maps discovered:
D:1:      nzn_arrival_depleted_hourglass, layout_basic, serial_shops, shop
D:2:      layout_rooms, uniq_sigmund

Skill      XL: |  1  2 |
---------------+-------+-----
Shields        | 4 |  4.0
Armour         | 4 |  4.0
Fighting       | |  3.8
Axes           | |  2.6

Action                     || total
---------------------------++-------
  Melee: War axe           ||    30
         Headbutt          ||     4
 Armour: Scale mail        ||    16
  Dodge: Dodged            ||    14
  Block: Buckler           ||     6
